 Dungeon Crawl Stone Soup version 0.30-a0-1002-ga41ad49a19 (webtiles) character file.

Game seed: 1789974795766778621

4154 Jannitor the Ducker (level 10, -1/73 HPs)
             Began as a Djinni Chaos Knight on Mar 31, 2023.
             Was a Plaything of Xom.
             Killed from afar by a white imp (9 damage)
             ... with a puff of frost
             ... summoned by Xom
             ... on level 7 of the Dungeon on Apr 5, 2023.
             The game lasted 00:11:47 (7668 turns).

Jannitor the Ducker (Djinni Chaos Knight)           Turns: 7668, Time: 00:11:48

Health: -1/73      AC: 10    Str: 10    XL:     10   Next: 52%
Gold:   317        EV: 15    Int: 17    God:    Xom [...*..] SH:  5 Dex: 17

rFire   + + .      SeeInvis .    D - +2 dagger (venom)
rCold   . . .      Faith    .    y - +0 buckler
rNeg    . . .      Spirit   .    t - +0 steam dragon scales
rPois   ∞          Reflect  .    q - +2 helmet
rElec   +          Rampage  .    f - +0 cloak
rCorr   .                        (no gloves)
Will    +....                    (boots unavailable)
Stlth   ++                       (no amulet)
HPRegen 0.32/turn                j - ring of protection from cold
MPRegen 0.00/turn                v - ring of wizardry

@: flying
A: sickness immunity, fire resistance 2, cold vulnerability 1, float, innate
caster, HP casting, extra vitality 1, agile 1, electricity resistance,
MP-powered wands
a: Renounce Religion


You were on level 7 of the Dungeon.
You worshipped Xom.
You were a favourite toy of Xom.
You visited 1 branch of the dungeon, and saw 7 of its levels.

You collected 317 gold pieces.

Inventory:

Hand Weapons
 a - a +0 short sword of chaos
 D - a +2 dagger of venom (weapon)
Armour
 b - a +2 leather armour
 f - a +0 cloak (worn)
 q - a +2 helmet (worn)
 t - +0 steam dragon scales (worn)
 y - a +0 buckler (worn)
 E - a +1 robe of cold resistance
Jewellery
 j - a ring of protection from cold (left hand)
 v - a ring of wizardry (right hand)
 A - a ring of protection from fire
Wands
 h - a wand of roots (2)
 i - a wand of quicksilver (17)
 n - a wand of charming (8)
 p - a wand of mindburst (22)
 r - a wand of flame (10)
Scrolls
 d - 5 scrolls of identify
 g - 2 scrolls of enchant weapon {unknown}
 k - 3 scrolls of teleportation {unknown}
 l - a scroll of silence {unknown}
 m - 2 scrolls of vulnerability {unknown}
 z - a scroll of blinking {unknown}
Potions
 o - a potion of berserk rage {unknown}
 s - a potion of degeneration {unknown}
 u - a potion of resistance {unknown}
 w - a potion of cancellation {unknown}
 B - a potion of attraction {unknown}
Miscellaneous
 c - a piece from Xom's chessboard (15/15) (quivered)


   Skills:
 + Level 6.8 Fighting
 + Level 6.3 Short Blades
 + Level 6.1 Armour
 + Level 7.1 Dodging
 + Level 2.4 Shields
 * Level 5.4 Spellcasting


You knew the following spells:

 Your Spells              Type           Power      Damage    Failure   Level
a - Necrotise             Necr           92%        1d8       1%          1
b - Momentum Strike       Conj/Tloc      46%        3d9       1%          2
c - Scorch                Fire           46%        2d7       1%          2
d - Hailstorm             Conj/Ice       23%        3d7       2%          3
Your spell library was empty.

Dungeon Overview and Level Annotations

Branches:
Dungeon (7/15)             Temple (0/1) D:4

Altars:
Cheibriados

Shops:
D:3 (

Annotations:
D:3 1 runed translucent door, Crazy Yiuf
D:7 2 runed translucent doors


Innate Abilities, Weirdness & Mutations

You are immune to sickness and miasma.
You are immune to poison.
Your flesh is very heat resistant. (rF++)
You are vulnerable to cold. (rC-)
You float through the air rather than walking.
You learn spells naturally, not from books.
Your magical power is your life essence.
You have superior vitality. (+4 MHP)
You are agile. (Dex +4, Str/Int -1)
You are resistant to electric shocks. (rElec)
You expend health (3 HP) to strengthen your wands.


Message History

You start resting. "Time to have some fun!"
Okay, then.
Unknown command.
Okay, then.
Unknown command.
Unknown command.
Aiming: Fastroot
Press: ? - help, Shift-Dir - straight line, f - white imp
Aim: a white imp (summoned)
You feel a surge of power!
The roots erupt in riotous growth!
Roots grab the white imp.
Roots grab the ufetubus.
* * * LOW HITPOINT WARNING * * *
The grasping roots constrict the white imp.
The grasping roots constrict the ufetubus!
You kill the ufetubus!
The ufetubus degenerates into a cloud of primal chaos!
The ufetubus closely misses you. The ufetubus misses you.
The shadow imp hits you but does no damage.
The white imp hits you.
* * * LOW HITPOINT WARNING * * *
The white imp freezes you.
* * * LOW HITPOINT WARNING * * *
Unknown command.
Aiming: Fastroot
Press: ? - help, Shift-Dir - straight line, f - ufetubus, p - white imp
Aim: an ufetubus (summoned)
You feel a surge of power!
The roots erupt in riotous growth!
Roots grab the ufetubus.
Roots grab the white imp.
Roots grab the shadow imp.
* * * LOW HITPOINT WARNING * * *
The grasping roots constrict the white imp. x2
The grasping roots constrict the ufetubus!
You kill the ufetubus!
The ufetubus disappears in a puff of smoke!
The grasping roots constrict the shadow imp.
The roots release their grip on the white imp.
The white imp gestures at you. The puff of frost hits you!
You die... "I guess I need a new plaything now."

#...........[.# ###.......##.#
####.......##<#..###.....)......#
..............#...)....<.)...####
.####......^..........##.........
.##........####..#............#..
.................................
####........######..######.......
)..........##.5§5#### ##†.....
######.....#.###@.# #...... #
##).)#.#.#)##5# #...... #
#))#...#.##.#§# #...... #
##.##...#.#.##[# #......
#..##...##...### #......
#........###'# #.......
######.......# ...#.....
##)....## ...####### ###.#.# ...


You could see 2 white imps and a shadow imp (summoned, rooted).

Vanquished Creatures
  A boulder beetle (D:7)
  Maggie (D:6)
  Grinder (D:5)
  Sigmund (D:3)
  A vampire (D:6)
  Eustachio (D:4)
  A steam dragon (D:6)
  Menkaure (D:7)
  A water moccasin (D:7)
  A sky beast (D:7)
  A black bear (D:4)
  2 phantoms
  3 centaurs
  Blork the orc (D:4)
  3 bullfrogs
  5 scorpions
  8 wights
  A crimson imp (D:5)
  2 hounds
  3 jellies
  An orc priest (D:3)
  Jessica (D:2)
  Ijyb (D:3)
  3 iguanas
  Natasha (thrice) (D:2)
  4 orc wizards
  5 adders
  4 gnolls
  4 white imps
  4 ufetubi
  2 worms
  2 dart slugs
  19 orcs
  9 endoplasms
  2 giant cockroaches
  9 goblins
  6 hobgoblins
  3 jackals (D:1)
  10 kobolds
  A quokka (D:1)
  5 ball pythons
  3 bats
  7 rats
147 creatures vanquished.

Vanquished Creatures (others)
  A jelly (D:6)
  An adder (D:6)
2 creatures vanquished.

Grand Total: 149 creatures vanquished

Notes
Turn   | Place    | Note
-------+----------+-------------------------------------------
     0 | D:1      | Jannitor the Djinni Chaos Knight began the quest for the
                  | Orb.
     0 | D:1      | Reached XP level 1. HP: 20/20 MP: 0/0
   106 | D:1      | XOM: silly message
   107 | D:1      | Reached XP level 2. HP: 25/25 MP: 0/0
   344 | D:1      | XOM: silly message
   407 | D:1      | XOM: noise
   414 | D:1      | Reached XP level 3. HP: 28/30 MP: 0/0
   414 | D:1      | Learned a level 1 spell: Necrotise
   472 | D:1      | XOM: 3-stop teleportation journey
   600 | D:1      | XOM: divination: magic mapping
   672 | D:1      | XOM: give mutation
   672 | D:1      | Gained mutation: You are resistant to electric shocks.
                  | (rElec) [Xom's mischief]
   729 | D:1      | XOM: give mutations
   729 | D:1      | Gained mutation: You expend health (3 HP) to strengthen
                  | your wands. [Xom's grace]
   729 | D:1      | Gained mutation: You are agile. (Dex +4, Str/Int -1) [Xom's
                  | grace]
  1187 | D:2      | Noticed Jessica
  1195 | D:2      | XOM: potion effect (brilliance)
  1210 | D:2      | Killed Jessica
  1211 | D:2      | Reached XP level 4. HP: 20/35 MP: 0/0
  1263 | D:2      | XOM is BORED!
  1263 | D:2      | XOM: silly message
  1313 | D:2      | Noticed Natasha
  1322 | D:2      | Killed Natasha
  1323 | D:2      | Reached skill level 3 in Dodging
  1323 | D:2      | Reached XP level 5. HP: 20/40 MP: 0/0
  1323 | D:2      | Learned a level 2 spell: Momentum Strike
  1540 | D:2      | Noticed Natasha
  1542 | D:2      | Reached skill level 1 in Spellcasting
  1546 | D:2      | XOM: confuse monster(s)
  1552 | D:2      | Killed Natasha
  1741 | D:2      | XOM: silly message
  1790 | D:2      | Noticed Natasha
  1791 | D:2      | XOM: cast spell 'Call Canine Familiar'
  1801 | D:2      | Killed Natasha
  1903 | D:3      | Found a runed translucent door.
  1904 | D:3      | Noticed Crazy Yiuf
  2079 | D:3      | XOM: scenery: summon butterflies
  2093 | D:3      | Reached XP level 6. HP: 21/47 MP: 0/0
  2219 | D:3      | Noticed Sigmund
  2251 | D:3      | Killed Sigmund
  2252 | D:3      | Reached XP level 7. HP: 46/52 MP: 0/0
  2252 | D:3      | Learned a level 2 spell: Scorch
  2338 | D:3      | Found Wose's Weapon Shoppe.
  2340 | D:3      | Noticed Ijyb
  2363 | D:3      | Killed Ijyb
  2448 | D:3      | Reached skill level 4 in Dodging
  2878 | D:3      | XOM: silly message
  3042 | D:4      | XOM: confuse monster(s)
  3176 | D:4      | XOM: 4-stop teleportation journey
  3282 | D:4      | XOM: chaos upgrade
  3464 | D:4      | XOM: summons 4 hostile demons
  3465 | D:4      | Noticed a rust devil
  3479 | D:4      | XOM: smoke on damage
  3673 | D:4      | Noticed Blork the orc
  3673 | D:4      | XOM: enchant monster (bad)
  3678 | D:4      | XOM: confusion (+ monsters)
  3691 | D:4      | Killed Blork the orc
  3692 | D:4      | Reached XP level 8. HP: 27/58 MP: 0/0
  3807 | D:4      | XOM: summons 5 hostile demons
  3818 | D:5      | Entered Level 5 of the Dungeon
  3868 | D:5      | Noticed Eustachio
  3887 | D:4      | XOM: divination: detect items
  3895 | D:4      | XOM: noise
  3900 | D:4      | Killed Eustachio
  3901 | D:4      | Reached skill level 5 in Fighting
  4018 | D:4      | Found a staircase to the Ecumenical Temple.
  4063 | D:4      | XOM: blink monster(s)
  4070 | D:4      | Reached skill level 5 in Dodging
  4403 | D:5      | XOM: enchant monster (good)
  4526 | D:5      | XOM: cloud trail
  4560 | D:5      | XOM: 11-stop teleportation journey
  4816 | D:5      | Reached skill level 5 in Short Blades
  5037 | D:5      | Noticed Grinder
  5044 | D:5      | Killed Grinder
  5045 | D:5      | Reached XP level 9. HP: 48/66 MP: 0/0
  5045 | D:5      | Learned a level 3 spell: Hailstorm
  5629 | D:6      | Upgraded the game from 0.30-a0-967-g9b59a09336 to
                  | 0.30-a0-1002-ga41ad49a19
  5646 | D:6      | Reached skill level 5 in Armour
  5733 | D:6      | Noticed Maggie
  5737 | D:6      | XOM: divination: magic mapping
  5739 | D:6      | HP: 3/66 [Maggie/+1 glaive of flaming (2)]
  5741 | D:6      | XOM: divination: magic mapping
  5742 | D:6      | Killed Maggie
  5743 | D:6      | Reached skill level 6 in Dodging
  6563 | D:7      | Noticed Menkaure
  6563 | D:7      | XOM: swap monsters
  6905 | D:7      | Reached XP level 10. HP: 67/73 MP: 0/0
  6930 | D:7      | XOM: silly message
  6932 | D:7      | Reached skill level 1 in Shields
  7125 | D:7      | Found a snail-covered altar of Cheibriados.
  7165 | D:7      | Killed Menkaure
  7166 | D:7      | Reached skill level 5 in Spellcasting
  7576 | D:7      | XOM: 5-stop teleportation journey
  7597 | D:7      | Found a large runed translucent door.
  7604 | D:7      | Found a large runed translucent door.
  7605 | D:7      | Noticed a manticore
  7622 | D:7      | Noticed a boulder beetle
  7623 | D:7      | XOM: torment (37/73 hp)
  7634 | D:7      | XOM: torment (10/73 hp)
  7634 | D:7      | Killed a boulder beetle
  7635 | D:7      | Reached skill level 7 in Dodging
  7666 | D:7      | XOM: summons 5 hostile demons
  7668 | D:7      | Killed from afar by a white imp

Illustrated notes

Levels and vault maps discovered:
D:1:      dpeg_arrival_castle, layout_basic, serial_forest,
          infiniplex_forest_corner_2, infiniplex_forest_lined_ring,
          infiniplex_forest_lined_room_, infiniplex_forest_clump_medium,
          infiniplex_forest_lined_2, infiniplex_forest_clump_small,
          infiniplex_forest_corner_2, infiniplex_forest_clump_diagonal
D:2:      layout_loops_ring, serial_rivers, chequers_serial_rivers_large_a,
          chequers_serial_rivers_micro_d, chequers_serial_rivers_micro_a,
          chequers_serial_rivers_micro_a, chequers_serial_rivers_micro_a,
          chequers_serial_rivers_micro_b, grunt_decor_mini_mirrors,
          uniq_jessica, uniq_natasha
D:3:      layout_loops_ring, serial_shops, nicolae_shop_bloodbath_and_beyond,
          uniq_crazy_yiuf_cottage, uniq_ijyb, uniq_sigmund
D:4:      layout_cave_pods, temple_fountains, uniq_blork_the_orc
D:5:      layout_gridville, minmay_misc_feat_enclosed, minivault_27,
          minmay_fire_ice_demons, uniq_eustachio, uniq_grinder
D:6:      layout_rooms, uniq_maggie
D:7:      layout_rooms, lemuel_crystal_altar, minmay_hollow_rounded_squares,
          uniq_menkaure

Skill      XL: |  1  2  3  4  5  6  7  8  9 10 |
---------------+-------------------------------+-----
Short Blades   | 3 4 5 6 |  6.3
Armour         | 2 3 4 5 6 |  6.1
Dodging        | 3 4 5 6 7 |  7.1
Spellcasting   | 1 2 3 4 5 |  5.4
Fighting       | 4 5 6 |  6.8
Shields        | 2 |  2.4

Action                     |  1- 3 |  4- 6 |  7- 9 | 10-12 || total
---------------------------+-------+-------+-------+-------++-------
  Melee: Short sword       |    33 |       |       |       ||    33
         Punch             |     1 |     2 |     3 |       ||     6
         Dagger            |    61 |    95 |   286 |     5 ||   447
   Cast: Necrotise         |     4 |       |       |       ||     4
         Scorch            |       |       |    67 |    49 ||   116
         Hailstorm         |       |       |       |     1 ||     1
  Evoke: Wand              |       |       |       |     2 ||     2
    Use: Potion            |       |     2 |     1 |     1 ||     4
         Scroll            |       |     2 |       |     1 ||     3
   Stab: Sleeping          |       |     1 |     2 |       ||     3
         Confused          |       |       |     1 |       ||     1
 Armour: Leather armour    |    22 |    18 |   108 |       ||   148
         Steam dragon scal |       |       |     7 |    28 ||    35
  Dodge: Dodged            |    35 |    59 |   260 |    28 ||   382
  Block: Buckler           |       |       |     4 |    18 ||    22

Table legend: (Time is in decaauts)
 A = Elapsed time spent in this place.
 B = Non-inter-level travel time spent in this place.
 C = Inter-level travel time spent in this place.
 D = Time resting spent in this place.
 E = Time spent auto-exploring this place.
 F = Levels seen in this place.
 G = Mean time per level.
                   A        B        C        D        E       F      G
               +--------+--------+--------+--------+--------+-----+--------+
         Total |   7583 |   7318 |    265 |    873 |   5222 |   7 | 1083.3 |
       Dungeon |   7583 |   7318 |    265 |    873 |   5222 |   7 | 1083.3 |
               +--------+--------+--------+--------+--------+-----+--------+

Top non-repeatable levels by time:
     D:4: 1328 daAuts
     D:5: 1292 daAuts
     D:3: 1130 daAuts
     D:6: 1076 daAuts
     D:1: 989 daAuts
     D:2: 887 daAuts
     D:7: 878 daAuts
